 Dungeon Crawl Stone Soup version 0.21.0-26-g889b8f6 (webtiles) character file.

58766 Megalobster the Basher (level 14, -38/113 HPs)
             Began as a Demonspawn Abyssal Knight on Jan 28, 2018.
             Was a High Priest of Lugonu.
             Annihilated by an orc knight
             ... wielding a +2 great mace of holy wrath
              (41 damage)
             ... on level 1 of the Orcish Mines.
             The game lasted 01:27:05 (28619 turns).

Megalobster the Basher (Demonspawn Abyssal Knight) Turns: 28619, Time: 01:27:05

Health: -38/113    AC: 28    Str: 23    XL:     14   Next: 50%
Magic:  23/23      EV: 15    Int: 13    God:    Lugonu [*****.]
Gold:   1112       SH: 10    Dex: 15    Spells: 11/13 levels left

rFire    + . .     SeeInvis +   i - +8 eveningstar (distort)
rCold    + . .     Gourm    .   d - +0 buckler
rNeg     . . .     Faith    .   I - +3 scale mail "Qinetam" {rPois rCorr Dex+2}
rPois    +         Spirit   .   S - +2 hat
rElec    .         Reflect  +   E - +0 cloak
rCorr    +         Harm     .   G - +2 pair of gloves
MR       +....                  (no boots)
Stlth    ..........             P - +5 amulet of reflection
HPRegen  0.28/turn              Q - ring of see invisible
MPRegen  0.18/turn              u - ring of protection from fire

@: mighty
A: antennae 2, cold resistance 1, icemail, freezing cloud immunity, sturdy frame
2
a: Depart the Abyss, Bend Space, Banish, Corrupt, Enter the Abyss, Renounce
Religion


You were on level 1 of the Orcish Mines.
You worshipped Lugonu.
Lugonu was extremely pleased with you.
You were not hungry.

You visited 3 branches of the dungeon, and saw 20 of its levels.
You visited the Abyss 1 time.

You collected 1978 gold pieces.
You spent 866 gold pieces at shops.

Inventory:

Hand Weapons
 a - the +3 flail of the Orcish Mines {speed, rF- Dex+9}
   (You found it on level 11 of the Dungeon)

   Attacks with this weapon are significantly faster.
   It affects your dexterity (+9).
   It makes you vulnerable to fire.
 i - a +8 eveningstar of distortion (weapon)
Missiles
 e - 483 stones (quivered)
 r - 60 tomahawks
 y - a throwing net {!f}
 R - 4 silver tomahawks
Armour
 d - a +0 buckler (worn)
 E - a +0 cloak (worn)
 G - a +2 pair of gloves (worn)
 I - the +3 scale mail "Qinetam" (worn) {rPois rCorr Dex+2}
   (You found it on level 3 of the Lair of Beasts)

   It affects your dexterity (+2).
   It protects you from poison.
   It protects you from acid and corrosion.
 S - a +2 hat (worn)
Jewellery
 o - an uncursed ring of flight
 u - a ring of protection from fire (right hand)
 A - an uncursed ring of poison resistance
 B - an uncursed amulet of rage
 P - a +5 amulet of reflection (around neck)
 Q - a ring of see invisible (left hand)
Wands
 t - a wand of acid (7)
 D - a wand of clouds (5)
 L - a wand of polymorph (10)
Scrolls
 j - 11 scrolls of remove curse {@r2}
 l - a scroll of amnesia
 m - a scroll of fear
 n - 2 scrolls of immolation
 p - 4 scrolls of teleportation
 H - 2 scrolls of identify {@r1}
 M - a scroll of enchant armour
 N - 2 scrolls of fog
Potions
 b - a potion of ambrosia
 f - a potion of agility
 h - 3 potions of mutation
 k - 3 potions of flight
 s - a potion of lignification
 v - 3 potions of brilliance
 w - 12 potions of curing {@q1}
 z - a potion of haste
 C - 3 potions of heal wounds
Comestibles
 c - 19 rations


   Skills:
 + Level 11.6 Fighting
 * Level 14.2 Maces & Flails
 + Level 10.3 Armour
 + Level 7.4 Dodging
 + Level 5.0 Shields
 + Level 12.0 Invocations


You had 11 spell levels left.
You knew the following spells:

 Your Spells              Type           Power        Failure   Level  Hunger
a - Blink                 Tloc           N/A          52%         2    ###....


Dungeon Overview and Level Annotations

Branches:
Dungeon (12/15)            Temple (0/1) D:7            Lair (6/6) D:8
 Shoals (0/4) Lair:2        Snake (0/4) Lair:4        Slime (0/5) Lair:5
    Orc (2/2) D:12
    Elf: Orc:2

Altars:
Ashenzari
Cheibriados
Dithmenos
Elyvilon
Fedhas
Gozag
Kikubaaqudgha
Wu Jian

Shops:
D:6 (   D:8 }   D:10 [   D:11 !   Orc:2 ?[**

Annotations:
Lair:5 exclusion: oklob plant
Abyss:1 Edmund, Gastronok


Innate Abilities, Weirdness & Mutations

You have a pair of antennae on your head.
Your flesh is cold resistant. (rC+)
A meltable icy envelope protects you from harm. (AC +10)
You are immune to freezing clouds.
Your movements are less encumbered by armour. (ER -4)


Message History

You barely miss the orc warlord.
The orc warlord is moderately wounded.
You block the orc warlord's attack.
You impale the orc warlord!!
The orc warlord is severely wounded.
The orc warlord disappears!
The orc knight hits you with a great mace of holy wrath!!
You convulse!
You take 36 damage, and have 45/113 hp.
MASSIVE DAMAGE!!
You are too injured to fight recklessly!
You bludgeon the orc knight!!
Space warps horribly around the orc knight!
The orc knight is heavily wounded.
You thump the orc knight!
Space warps horribly around the orc knight!
The orc knight is almost dead.
The orc knight hits you with a great mace of holy wrath!!!
* * * LOW HITPOINT WARNING * * *
You convulse!!!
You die...

## #....# #......###
.#
##...####........##
.#
#........)).......###
##
##.#......##.....##.#
#
###.....#####.....##
###.#......#.....#.#
#o).......###....###
##[[[#.#....#ยง[...#
#..[.####..oo@...##
####...#####.#[)####
#.#.......##.#..##
##..........###...##
..........[##.#....#
.....#....#.o..##.##
...##.....[#...####
...###.....##.##
##o.###....####


You could see an orc knight and an orc warrior.

Vanquished Creatures
  Rupert (Lair:6)
  Erolcha (D:10)
  2 two-headed ogres
  3 death yaks (Lair:4)
  A queen ant (Lair:6)
  An orc high priest (Orc:2)
  4 orc knights
  Pikel (D:7)
  A phantasmal warrior (D:12)
  A deep elf mage (D:12)
  2 orc sorcerers
  4 elephants
  3 cyclopes
  7 black mambas
  A gargoyle (D:11)
  8 spiny frogs
  A kobold demonologist (D:12)
  A freezing wraith (D:11)
  4 komodo dragons
  A queen bee (D:10)
  7 polar bears
  2 trolls (D:12)
  6 slime creatures (D:12)
  5 hornets (Lair:6)
  14 blink frogs
  8 hippogriffs
  A dream sheep (Lair:6)
  12 spriggans
  44 yaks
  3 wraiths
  A basilisk (Lair:6)
  2 hungry ghosts
  2 vampire mosquitoes (D:12)
  2 wargs (Orc:1)
  15 soldier ants
  Duvessa (D:5)
  26 orc warriors
  19 water moccasins
  11 porcupines
  A slave (D:6)
  4 black bears
  A necrophage (D:8)
  5 sky beasts
  4 ice beasts
  3 phantoms
  4 boggarts (Lair:6)
  26 wolves
  8 centaurs
  11 ogres
  15 crocodiles
  5 big kobolds
  11 bullfrogs
  Dowan (D:5)
  A wyvern skeleton (D:9)
  A scorpion (D:5)
  12 killer bees (D:10)
  6 wights (D:10)
  3 electric eels (Lair:6)
  A howler monkey (D:9)
  8 crimson imps
  6 hounds
  A quasit (D:8)
  A centaur zombie (D:5)
  10 orc priests
  2 bullfrog skeletons
  4 centaur skeletons
  7 jellies
  14 orc wizards
  2 iguanas
  23 worker ants
  A hound skeleton (D:4)
  4 gnolls (D:8)
  16 adders
  A shadow imp (D:8)
  10 oozes
  An adder zombie (D:5)
  2 adder skeletons
  A worm (D:3)
  A dart slug (D:2)
  3 leopard geckos
  41 orcs
  8 giant cockroaches
  20 goblins
  A hobgoblin (D:2)
  10 jackals
  39 kobolds
  4 quokkas
  A ball python (D:3)
  8 bats
  6 frilled lizards
  A jackal skeleton (D:8)
  A leopard gecko zombie (D:5)
  6 rats
  A fungus (Lair:6)
  2 plants
619 creatures vanquished.

Vanquished Creatures (others)
  An entropy weaver (Lair:6)
  A death knight (D:12)
  A hungry ghost (D:7)
  3 slaves (D:7)
  A centaur (D:11)
  A bullfrog (D:7)
  A howler monkey (D:7)
  An ooze (D:3)
  A kobold (D:11)
  30 fungi
  18 plants
  7 toadstools (D:3)
66 creatures vanquished.

Grand Total: 685 creatures vanquished

Notes
Turn   | Place    | Note
-------+----------+-------------------------------------------
     0 | Abyss:1  | Megalobster the Demonspawn Abyssal Knight began the quest for the Orb.
     0 | Abyss:1  | Reached XP level 1. HP: 18/18 MP: 2/2
    36 | Abyss:1  | Noticed a small abomination
    37 | D:1      | Escaped the Abyss
   159 | D:1      | Reached skill level 2 in Maces & Flails
   273 | D:1      | Gained mutation: Your flesh is cold resistant. (rC+) [demonic ancestry]
   273 | D:1      | Reached XP level 2. HP: 22/24 MP: 3/3
   275 | D:1      | Reached * piety under Lugonu
   869 | D:1      | Gained mutation: You are immune to freezing clouds. [demonic ancestry]
   869 | D:1      | Reached XP level 3. HP: 27/29 MP: 4/4
  1299 | D:2      | Reached skill level 1 in Shields
  1517 | D:2      | Reached ** piety under Lugonu
  1532 | D:2      | Reached skill level 3 in Maces & Flails
  1745 | D:2      | Reached XP level 4. HP: 33/35 MP: 5/5
  2014 | D:2      | Found a shadowy altar of Dithmenos.
  2587 | D:3      | Reached XP level 5. HP: 17/42 MP: 5/7
  3030 | D:3      | Found an ornate altar of the Wu Jian Council.
  3030 | D:3      | Found a shadowy altar of Dithmenos.
  3258 | D:3      | Reached *** piety under Lugonu
  3778 | D:4      | Found an ancient bone altar of Kikubaaqudgha.
  3791 | D:4      | Gained mutation: Your movements are slightly less encumbered by armour. (ER -2) [demonic ancestry]
  3791 | D:4      | Reached XP level 6. HP: 46/48 MP: 8/8
  4243 | D:3      | Reached skill level 4 in Maces & Flails
  4666 | D:4      | Found a white marble altar of Elyvilon.
  4704 | D:5      | Entered Level 5 of the Dungeon
  4707 | D:5      | Noticed a sky beast
  4753 | D:4      | Killed a sky beast
  4753 | D:4      | Gained mutation: A meltable icy envelope protects you from harm. (AC +10) [demonic ancestry]
  4753 | D:4      | Reached XP level 7. HP: 10/54 MP: 9/9
  5028 | D:5      | Noticed Dowan
  5809 | D:5      | Noticed Duvessa
  5838 | D:5      | Killed Duvessa
  5860 | D:5      | Killed Dowan
  5860 | D:5      | Reached skill level 5 in Maces & Flails
  6219 | D:5      | Reached skill level 5 in Invocations
  6219 | D:5      | Gained mutation: Your movements are less encumbered by armour. (ER -4) [demonic ancestry]
  6219 | D:5      | Reached XP level 8. HP: 39/61 MP: 11/11
  6423 | D:5      | Found a shattered altar of Ashenzari.
  6614 | D:6      | Noticed Edmund
  6615 | D:6      | Banished Edmund
  6615 | D:6      | Reached skill level 5 in Fighting
  6936 | D:6      | Found a blossoming altar of Fedhas.
  7069 | D:6      | Found Gapsaofe's Weapon Shoppe.
  7442 | D:7      | Noticed Pikel
  7492 | D:7      | Paralysed by fainting for 10 turns
  7511 | D:7      | Killed Pikel
  7511 | D:7      | Reached skill level 6 in Maces & Flails
  7703 | D:7      | Noticed a hippogriff
  7731 | D:7      | Killed a hippogriff
  7731 | D:7      | Gained mutation: You have a pair of small antennae on your head. [demonic ancestry]
  7731 | D:7      | Reached XP level 9. HP: 43/69 MP: 13/13
  7899 | D:7      | Reached skill level 7 in Maces & Flails
  8257 | D:7      | Found a staircase to the Ecumenical Temple.
  8692 | D:8      | Reached **** piety under Lugonu
  8907 | D:8      | Found Hanomi's Gadget Shop.
  9085 | D:8      | Reached skill level 5 in Armour
  9247 | D:8      | Found a staircase to the Lair.
  9472 | D:8      | Reached skill level 8 in Maces & Flails
 10394 | D:9      | Reached XP level 10. HP: 78/78 MP: 16/16
 10455 | D:9      | Found a snail-covered altar of Cheibriados.
 10848 | D:10     | Entered Level 10 of the Dungeon
 10869 | D:10     | Noticed Erolcha
 10922 | Lair:1   | Entered Level 1 of the Lair of Beasts
 11152 | D:8      | Identified a scroll of acquirement
 11609 | Lair:1   | Noticed a spiny frog
 11625 | Lair:1   | Killed a spiny frog
 11625 | Lair:1   | Reached skill level 9 in Maces & Flails
 12316 | Lair:2   | Noticed a spiny frog
 12715 | Lair:2   | Killed a spiny frog
 12856 | Lair:2   | Noticed a five-headed hydra
 12858 | Lair:2   | Banished a five-headed hydra
 12858 | Lair:2   | Gained mutation: You have a pair of antennae on your head. [demonic ancestry]
 12858 | Lair:2   | Reached XP level 11. HP: 85/85 MP: 18/18
 12954 | Lair:2   | Noticed Gastronok
 13128 | Lair:2   | Banished Gastronok
 13128 | Lair:2   | Reached skill level 10 in Maces & Flails
 13128 | Lair:2   | Reached skill level 10 in Invocations
 14014 | Lair:2   | Got a pair of translucent gloves
 14025 | Lair:2   | Identified the +0 pair of gloves "Dekytion" {rC- rN+++ Int-4 Stlth+} (You acquired it on level 2 of the Lair of Beasts)
 14100 | Lair:1   | Reached skill level 1 in Dodging
 14447 | Lair:2   | Found a staircase to the Shoals.
 14786 | Lair:3   | Found an opulent altar of Gozag.
 15242 | Lair:3   | Got a faintly humming scale mail
 15258 | Lair:3   | Identified the +3 scale mail "Qinetam" {rPois rCorr Dex+2} (You found it on level 3 of the Lair of Beasts)
 15303 | Lair:3   | Reached skill level 11 in Maces & Flails
 16320 | Lair:4   | Reached XP level 12. HP: 94/94 MP: 19/19
 16444 | Lair:4   | Noticed a death yak
 16457 | Lair:4   | Killed a death yak
 16659 | Lair:4   | Noticed a death yak
 16677 | Lair:4   | Killed a death yak
 16681 | Lair:4   | Noticed a death yak
 16686 | Lair:4   | Killed a death yak
 16805 | Lair:4   | Reached ***** piety under Lugonu
 17233 | Lair:4   | Found a staircase to the Snake Pit.
 17276 | Lair:4   | Reached skill level 12 in Maces & Flails
 17708 | Lair:5   | Reached skill level 10 in Fighting
 18055 | Lair:5   | Noticed a seven-headed hydra
 18072 | Lair:5   | Banished a seven-headed hydra
 18215 | Lair:5   | Found a snail-covered altar of Cheibriados.
 18263 | Lair:5   | Found a staircase to the Slime Pits.
 18682 | Lair:6   | Entered Level 6 of the Lair of Beasts
 18913 | Lair:6   | Noticed an entropy weaver
 18923 | Lair:5   | Banished an entropy weaver
 18923 | Lair:5   | Reached skill level 5 in Dodging
 19569 | Lair:6   | Noticed an entropy weaver
 19578 | Lair:6   | Banished an entropy weaver
 19578 | Lair:6   | Reached XP level 13. HP: 69/103 MP: 15/20
 20214 | Lair:6   | Learned a level 2 spell: Blink
 20542 | Lair:6   | Noticed Rupert
 20543 | Lair:6   | Paralysed by Rupert for 6 turns
 20584 | Lair:6   | Reached skill level 13 in Maces & Flails
 21054 | Lair:6   | Paralysed by Rupert for 2 turns
 21193 | Lair:6   | Killed Rupert
 22750 | D:10     | Killed Erolcha
 22761 | D:10     | Found Dugan's Antique Armour Shoppe.
 23601 | D:11     | Got an encrusted flail
 23611 | D:11     | Identified the +3 flail of the Orcish Mines {speed, rF- Dex+9} (You found it on level 11 of the Dungeon)
 23709 | D:11     | Reached skill level 10 in Armour
 23714 | D:11     | Reached XP level 14. HP: 66/113 MP: 22/22
 24196 | D:11     | Found Laimakuf's Distillery.
 24205 | D:11     | Bought a potion of degeneration for 14 gold pieces
 24205 | D:11     | Bought a potion of heal wounds for 70 gold pieces
 24206 | D:11     | Bought a potion of might for 56 gold pieces
 24206 | D:11     | Bought a potion of haste for 140 gold pieces
 24206 | D:11     | Bought a potion of haste for 140 gold pieces
 25642 | D:12     | Reached skill level 14 in Maces & Flails
 25667 | D:12     | Found a staircase to the Orcish Mines.
 26029 | Orc:1    | Entered Level 1 of the Orcish Mines
 26835 | Orc:1    | Reached ****** piety under Lugonu
 27193 | Orc:2    | Entered Level 2 of the Orcish Mines
 27193 | Orc:2    | Found Siaff's Assorted Antiques.
 27209 | Orc:2    | Bought a scroll of identify for 50 gold pieces
 27377 | Orc:2    | Found Qiagg's Assorted Antiques.
 27380 | Orc:2    | Bought a scroll of identify for 64 gold pieces
 27380 | Orc:2    | Bought a glowing hat for 224 gold pieces
 27825 | Orc:2    | Found Solereis's Magic Scroll Emporium.
 27825 | Orc:2    | Found Tulup's Antique Armour Shoppe.
 27995 | Orc:2    | Bought a scroll of identify for 24 gold pieces
 27995 | Orc:2    | Bought a scroll of identify for 24 gold pieces
 27995 | Orc:2    | Bought a scroll of fog for 24 gold pieces
 27995 | Orc:2    | Bought a scroll of teleportation for 36 gold pieces
 28045 | Orc:2    | Noticed an orc warlord
 28066 | Orc:1    | Reached skill level 5 in Shields
 28338 | Orc:1    | Identified a +8 eveningstar of distortion (a +6 eveningstar of flaming corrupted by Lugonu)
 28338 | Orc:1    | Received a gift from Lugonu
 28619 | Orc:1    | HP: 3/113 [orc knight/great mace of holy wrath (43)]
 28619 | Orc:1    | Annihilated by an orc knight

Skill      XL: |  1  2  3  4  5  6  7  8  9 10 11 12 13 14 |
---------------+-------------------------------------------+-----
Maces & Flails | 2 3 4 5 6 8 9 11 12 13 14 | 14.2
Shields        | 1 2 3 4 5 |  5.0
Invocations    | 3 5 6 8 9 10 11 12 | 12.0
Fighting       | 4 5 7 8 9 10 11 | 11.6
Armour         | 2 3 4 5 6 7 9 10 | 10.3
Dodging        | 3 5 6 7 |  7.4

Action                   |  1- 3 |  4- 6 |  7- 9 | 10-12 | 13-15 || total
-------------------------+-------+-------+-------+-------+-------++-------
Melee: Mace              |   131 |   198 |   588 |    69 |       ||   986
       Whip              |       |       |    33 |       |       ||    33
       Eveningstar       |       |       |       |   627 |  1006 ||  1633
Throw: Stone             |     2 |    16 |    29 |    79 |   102 ||   228
Invok: Depart the Abyss  |     1 |       |       |       |       ||     1
       Bend Space        |       |     4 |       |     2 |     4 ||    10
       Banish            |       |       |     1 |    11 |    15 ||    27
       Brand Weapon With |       |       |       |       |     1 ||     1
  Use: Scroll            |       |     6 |     4 |    11 |    12 ||    33
       Potion            |       |     6 |     2 |     1 |    14 ||    23
 Stab: Invisible         |       |       |     1 |       |       ||     1
  Eat: Chunk             |     3 |     4 |     7 |    14 |    10 ||    38
       Ration            |       |     2 |     8 |     6 |     9 ||    25
Armor: Leather armour    |    36 |    19 |       |       |       ||    55
       Chain mail        |       |    15 |       |       |       ||    15
       Scale mail        |       |    53 |   334 |   271 |   304 ||   962
       Skin              |       |       |       |       |    26 ||    26
Dodge: Dodged            |    86 |   107 |   307 |   241 |   478 ||  1219
Block: Buckler           |    23 |    79 |   230 |   211 |   372 ||   915
       Reflection        |       |     3 |     3 |       |    27 ||    33
